 Dungeon Crawl Stone Soup version 0.29-a0-299-g4c793a2ed2 (console) character file.

Game seed: 5626857753756412088

14 Ignak the Stinger (level 2, -2/30 HPs)
             Began as a Gnoll Venom Mage on Mar 24, 2022.
             Slain by Sigmund
             ... wielding a +3 vorpal scythe
              (7 damage)
             ... on level 2 of the Dungeon.
             The game lasted 00:02:25 (1193 turns).

Ignak the Stinger (Gnoll Venom Mage)                Turns: 1193, Time: 00:02:25

Health: -2/30      AC: 21    Str:  7    XL:     2   Next: 41%
Magic:  7/7        EV:  2    Int: 14    God:
Gold:   55         SH:  0    Dex: 12    Spells: 9/10 levels left

rFire   . . .      SeeInvis .   d - +0 rapier
rCold   . . .      Faith    .   (no shield)
rNeg    + . .      Spirit   .   (body armour currently unavailable)
rPois   +          Reflect  .   (helmet currently unavailable)
rElec   .          Harm     .   (cloak currently unavailable)
rCorr   .          Rampage  .   (gloves currently unavailable)
Will    .....      NoTele   +   (boots currently unavailable)
Stlth   +.........              (no amulet)
HPRegen 0.10/turn               j - ring of positive energy
MPRegen 0.10/turn               (no ring)

@: confused, tree-form
A: stationary, stasis, torment immunity, boosted hp, (fangs 1), strong nose,
distributed training
a: no special abilities


You were on level 2 of the Dungeon.
You were a tree.
You visited 1 branch of the dungeon, and saw 2 of its levels.

You collected 55 gold pieces.

Inventory:

Hand Weapons
 d - a +0 rapier (weapon)
Missiles
 f - 6 poisoned darts (quivered)
Armour
 a - a +0 robe
 c - a +0 leather armour (melded)
 g - a +0 ring mail
Jewellery
 j - a ring of positive energy (left branch)
Scrolls
 e - a scroll of silence {unknown}
 h - 3 scrolls of fog {unknown}
Potions
 b - a potion of magic


   Skills:
 + Level 0.4 Fighting
 + Level 0.4 Short Blades
 + Level 0.4 Long Blades
 + Level 0.4 Axes
 + Level 0.4 Maces & Flails
 + Level 0.4 Polearms
 + Level 0.4 Staves
 + Level 0.4 Slings
 + Level 0.4 Bows
 + Level 0.4 Crossbows
 + Level 0.4 Throwing
 + Level 0.4 Armour
 + Level 4.5 Dodging
 + Level 4.1 Stealth
 + Level 0.4 Shields
 + Level 0.4 Unarmed Combat
 + Level 4.9 Spellcasting
 + Level 0.2 Conjurations
 + Level 0.2 Hexes
 + Level 0.2 Summonings
 + Level 0.2 Necromancy
 + Level 0.2 Translocations
 + Level 2.0 Transmutations
 + Level 0.2 Fire Magic
 + Level 0.2 Ice Magic
 + Level 0.2 Air Magic
 + Level 0.2 Earth Magic
 + Level 5.3 Poison Magic
 + Level 0.5 Invocations
 + Level 0.4 Evocations


You had 9 spell levels left.
You knew the following spells:

 Your Spells              Type           Power      Damage    Failure   Level
a - Sting                 Tmut/Pois      52%        1d5       3%          1

Your spell library contained the following spells:

 Spells                   Type           Power      Damage    Failure   Level
 Poisonous Vapours        Pois/Air       22%        N/A       9%          2
 Olgreb's Toxic Radiance  Pois           18%        N/A       19%         4
 Mephitic Cloud           Conj/Pois/Air  9%         N/A       24%         3
 Ozocubu's Armour         Ice            4%         N/A       43%         3
 Ozocubu's Refrigeration  Ice            2%         4d5       100%        7


Dungeon Overview and Level Annotations

Branches:
Dungeon (2/15)

Altars:
Yredelemnul

Shops:
D:1 [*

Annotations:
D:2 Sigmund


Innate Abilities, Weirdness & Mutations

You are a tree.
Your roots penetrate the ground, keeping you stationary.
You cannot be teleported.
You are immune to unholy pain and torment.
Your maximum health is greatly increased.
Your equipment is partially melded.
((You have very sharp teeth.))
Your uncanny sense of smell can sniff out nearby items.
Your experience applies equally to all skills.


Message History

The rat barely misses you.
You hit the rat.
You kill the rat!
j - a ring of positive energy
There are no items here.
j - a ring of positive energy (left hand)
Found a basalt altar of Yredelemnul.
Found a metallic silvery potion.
Your extra speed is starting to run out.
Sigmund the Dreaded comes into view.
He is wielding a +3 vorpal scythe.
Sigmund shouts!
Sigmund points at you and mumbles some strange words.
You are confused.
You are too confused!
You bump into the rock wall.
Sigmund casts a spell at you.
You are more confused.
You bump into the rock wall.
You feel yourself slow down.
Sigmund hits you with a +3 vorpal scythe!
Ouch! That really hurt!
Sigmund closely misses you.
You're too confused to move!
Sigmund misses you.
You bump into the rock wall.
Sigmund casts a spell at you. The magic dart hits you.
* * * LOW HITPOINT WARNING * * *
Really quaff the potion of lignification?
You turn into a tree.
Your +0 leather armour melds into your body.
Your roots penetrate the ground.
Sigmund hits you but does no damage.
You cannot move. (Use ctrl+direction or * direction to attack without moving.)
You cannot move. (Use ctrl+direction or * direction to attack without moving.)
You cannot move. (Use ctrl+direction or * direction to attack without moving.) You're too confused to cast spells.
You cannot move. (Use ctrl+direction or * direction to attack without moving.)
You cannot move. (Use ctrl+direction or * direction to attack without moving.) Sigmund hits you from afar with a +3 vorpal scythe!
You die...

##...### #.# #.#
# #.....
##.###### ##.## .
#...##.#.......#
#.#.# . #....
.........# ##.##
.
#..###.#.......#
#.# . ...#
.<.......#####.##
.
#....!@........#
.
#.......#......#
.
#......♣##.._..#
#
##########.....#
#.....# ##..###
##.# #.# .# .#


You could see Sigmund.

Vanquished Creatures
  An endoplasm (D:2)
  A giant cockroach (D:1)
  A hobgoblin (D:1)
  A quokka (D:1)
  4 ball pythons (D:1)
  2 bats (D:1)
  A frilled lizard (D:1)
  A kobold (D:1)
  4 rats
16 creatures vanquished.

Notes
Turn   | Place    | Note
-------+----------+-------------------------------------------
     0 | D:1      | Ignak the Gnoll Venom Mage began the quest for the Orb.
     0 | D:1      | Reached XP level 1. HP: 13/13 MP: 6/6
    53 | D:1      | Found a faded altar of an unknown god.
   330 | D:1      | Found Viyqeod's General Store.
   532 | D:1      | Reached XP level 2. HP: 18/19 MP: 7/7
   778 | D:1      | Found Qionipn's Armour Shoppe.
  1169 | D:2      | Found a basalt altar of Yredelemnul.
  1178 | D:2      | Noticed Sigmund
  1193 | D:2      | Slain by Sigmund

Illustrated notes

Levels and vault maps discovered:
D:1:      co_arrival_random_square_maze, layout_basic, serial_shops, shop, shop,
          nicolae_ecumenical_snake_handling
D:2:      layout_loops_cross, basic_altar, grunt_decor_junction, uniq_sigmund

Skill      XL: |  1 |
---------------+----+-----
Transmutations | 2 |  2.0
Fighting       | |  0.4
Short Blades   | |  0.4
Long Blades    | |  0.4
Axes           | |  0.4
Maces & Flails | |  0.4
Polearms       | |  0.4
Staves         | |  0.4
Slings         | |  0.4
Bows           | |  0.4
Crossbows      | |  0.4
Throwing       | |  0.4
Armour         | |  0.4
Dodging        | |  4.5
Stealth        | |  4.1
Shields        | |  0.4
Unarmed Combat | |  0.4
Spellcasting   | |  4.9
Conjurations   | |  0.2
Hexes          | |  0.2
Summonings     | |  0.2
Necromancy     | |  0.2
Translocations | |  0.2
Fire Magic     | |  0.2
Ice Magic      | |  0.2
Air Magic      | |  0.2
Earth Magic    | |  0.2
Poison Magic   | |  5.3
Invocations    | |  0.5
Evocations     | |  0.4

Action                   || total
-------------------------++-------
Melee: Rapier            ||    28
       Unarmed           ||     2
       Punch             ||     1
       Bite              ||     2
 Cast: Sting             ||    11
  Use: Potion            ||     3
 Stab: Sleeping          ||     1
Armor: Leather armour    ||     9
       Robe              ||     2
       Skin              ||     1
Dodge: Dodged            ||    30

Table legend: (Time is in decaauts)
 A = Elapsed time spent in this place.
 B = Non-inter-level travel time spent in this place.
 C = Inter-level travel time spent in this place.
 D = Time resting spent in this place.
 E = Time spent auto-exploring this place.
 F = Levels seen in this place.
 G = Mean time per level.
                   A        B        C        D        E       F      G
               +--------+--------+--------+--------+--------+-----+--------+
         Total |   1177 |   1166 |     11 |    280 |    631 |   2 |  588.5 |
       Dungeon |   1177 |   1166 |     11 |    280 |    631 |   2 |  588.5 |
               +--------+--------+--------+--------+--------+-----+--------+

Top non-repeatable levels by time:
     D:1: 1072 daAuts
     D:2: 105 daAuts
